 Dungeon Crawl Stone Soup version 0.18-a0-597-g3d6925d (webtiles) character file.

400 Kneezus the Vexing (level 6, -1/32 HPs)
             Began as a Deep Elf Conjurer on Dec 3, 2015.
             Was an Initiate of Vehumet.
             Slain by an orc (4 damage)
             ... on level 7 of the Dungeon.
             The game lasted 00:27:13 (4159 turns).

Kneezus the Vexing (Deep Elf Conjurer)              Turns: 4159, Time: 00:27:13

Health: -1/32      AC:  3    Str:  7    XL:     6   Next: 54%
Magic:  2/12       EV: 19    Int: 20    God:    Vehumet [......]
Gold:   139        SH:  0    Dex: 20    Spells: 3 memorised, 3 levels left

rFire  . . .     SeeInvis .     e - +0 dagger
rCold  + . .     Clarity  .     g - +1 robe {rC+}
rNeg   . . .     SustAt   .     (no shield)
rPois  .         Gourm    .     (helmet restricted)
rElec  .         Spirit   .     (no cloak)
rCorr  .         Dismiss  .     (no gloves)
rMut   .         Stasis   .     (no boots)
MR     .....                    (no amulet)
Stlth  +++.......               (no ring)
                                (no ring)

@: agile, very slightly contaminated, not resistant to hostile enchantments,
fairly stealthy
A: antennae 1
a: Renounce Religion


You were on level 7 of the Dungeon.
You worshipped Vehumet.
Vehumet was noncommittal.
You were hungry.

You visited 1 branch of the dungeon, and saw 7 of its levels.

You collected 139 gold pieces.

Inventory:

Hand Weapons
 e - a +0 dagger (weapon)
Missiles
 o - 12 poisoned needles
Armour
 a - a +0 robe
 g - a +1 robe of cold resistance (worn)
Jewellery
 l - an uncursed ring of protection from fire {unknown}
Wands
 d - a wand of paralysis (10)
Scrolls
 f - a scroll of immolation {unknown}
 h - a scroll of random uselessness {unknown}
 j - a scroll of fog
 p - a scroll of magic mapping {unknown}
 r - a scroll of amnesia {unknown}
Potions
 i - a potion of cure mutation
 s - a potion of curing
Books
 b - a book of Conjurations

   Spells                             Type                      Level
   a - Magic Dart                     Conjuration                  1
   b - Searing Ray                    Conjuration                  2
   c - Dazzling Spray                 Conjuration/Hexes            3
   d - Fulminant Prism                Conjuration/Hexes            4
   e - Iskenderun's Mystic Blast      Conjuration                  4
   f - Iskenderun's Battlesphere      Conjuration/Charms           5
Comestibles
 c - 4 bread rations
 n - a slice of pizza
 q - 4 fruits


   Skills:
 - Level 3.0 Dodging
 - Level 2.4 Stealth
 - Level 3.0 Spellcasting
 - Level 6.0 Conjurations
 + Level 7.0 Hexes


You had 3 spell levels left.
You knew the following spells:

 Your Spells              Type           Power        Failure   Level  Hunger
a - Magic Dart            Conj           ####         1%          1    None
b - Dazzling Spray        Conj/Hex       ####....     3%          3    ###....
c - Fulminant Prism       Conj/Hex       ####......   12%         4    ####...


Dungeon Overview and Level Annotations

Branches:
Dungeon (7/15)
 Temple: D:4-7

Altars:
Ashenzari
Dithmenos
Elyvilon
Makhleb
Qazlal
Vehumet
Yredelemnul

Annotations:
D:4 exclusion: ogre
D:5 exclusion: 2 steam dragons, Kneezus's ghost, weakling DECj


Innate Abilities, Weirdness & Mutations

You have a pair of small antennae on your head.


Message History

Drink which item? (? for menu, Esc to quit)
Okay, then.
Unknown command.
Drink which item? (? for menu, Esc to quit)
You feel agile all of a sudden. The ogre hits you but does no damage.
The orc priest shouts!
The orc priest miscasts a cantrip.
The ogre hits you with a giant club!!
Ouch! That really hurt!
* * * LOW HITPOINT WARNING * * *
An orc comes into view. It is wielding a flail.
The orc priest completely misses you. The orc hits you.
* * * LOW HITPOINT WARNING * * *
A scorpion comes into view.
A giant frog skeleton comes into view.
The orc shouts!
The orc hits you.
You die...

##..............#
#.........####.#
##...####### .#
.. #..?...# .#
.Z.#.o....#
#.#......#
#s'.)....#
#......#
########...@o.#
#.........o...#
#.........o...#
#.......O.....#
#..........####
#..........#
############


You could see an ogre, a scorpion, an orc priest, an orc wizard (wandering), 2
orcs and a giant frog skeleton (wandering).

Vanquished Creatures
  An ogre (D:7)
  A giant frog (D:7)
  2 scorpions (D:4)
  An orc wizard (D:4)
  4 adders
  A shadow imp (D:4)
  2 oozes
  2 worms (D:2)
  5 orcs
  6 bats
  7 hobgoblins
  6 kobolds
  2 quokkas (D:3)
  A ball python (D:1)
  3 giant cockroaches
  4 giant geckos
  2 giant newts (D:1)
  6 goblins
  3 jackals (D:3)
  A jackal skeleton (D:4)
  A quokka skeleton (D:4)
  6 rats
67 creatures vanquished.

Vanquished Creatures (others)
  3 fulminant prisms (D:7)
3 creatures vanquished.

Grand Total: 70 creatures vanquished

Notes
Turn   | Place    | Note
--------------------------------------------------------------
     0 | D:1      | Kneezus the Deep Elf Conjurer began the quest for the Orb.
     0 | D:1      | Reached XP level 1. HP: 10/10 MP: 6/6
   233 | D:1      | Reached XP level 2. HP: 15/15 MP: 6/8
   692 | D:1      | Reached skill level 5 in Conjurations
  1298 | D:2      | Reached XP level 3. HP: 19/19 MP: 3/9
  1557 | D:2      | Found a shattered altar of Ashenzari.
  1838 | D:2      | Found a shadowy altar of Dithmenos.
  1838 | D:2      | Found a white marble altar of Elyvilon.
  2134 | D:3      | Found a radiant altar of Vehumet.
  2134 | D:3      | Noticed an ogre
  2365 | D:3      | Became a worshipper of Vehumet
  2368 | D:3      | Reached XP level 4. HP: 24/24 MP: 10/10
  2374 | D:3      | Learned a level 4 spell: Fulminant Prism
  2470 | D:3      | Reached skill level 1 in Hexes
  2479 | D:3      | Learned a level 3 spell: Dazzling Spray
  2936 | D:4      | Found a basalt altar of Yredelemnul.
  3018 | D:4      | Gained mutation: You have a pair of small antennae on your head. [potion of beneficial mutation]
  3039 | D:4      | Noticed an ogre
  3093 | D:5      | Entered Level 5 of the Dungeon
  3093 | D:5      | Noticed a steam dragon
  3093 | D:5      | Noticed a steam dragon
  3216 | D:4      | Reached skill level 6 in Conjurations
  3293 | D:4      | Found a stormy altar of Qazlal.
  3437 | D:4      | Reached XP level 5. HP: 23/28 MP: 0/11
  3691 | D:4      | Found a burning altar of Makhleb.
  3731 | D:4      | Found a shadowy altar of Dithmenos.
  3891 | D:4      | Reached skill level 5 in Hexes
  3960 | D:5      | Noticed Kneezus's ghost (weakling DECj)
  3968 | D:4      | You fall through a shaft for 2 floors!
  3968 | D:6      | Noticed an ogre
  3977 | D:6      | Noticed an ogre
  3982 | D:7      | Noticed a centaur
  4004 | D:7      | Killed an ogre
  4004 | D:7      | Reached XP level 6. HP: 12/32 MP: 2/12
  4004 | D:7      | Reached skill level 7 in Hexes
  4159 | D:7      | Slain by an orc

Vault maps used:
D:1:      dpeg_arrival_lava_temple_mockup
D:2:      evilmike_ruin_ashenzari, gammafunk_temple_overflow_wave
D:3:      vehumet_altar_wand_db, st_stairs_5
D:4:      yredelemnul_altar_generic, kennysheep_mini,
          nicolae_overflow_hidden_temple, first_bread, grunt_dithmenos_shadows
D:5:      kennysheep_steamy, lemuel_doored_altar, basic_altar
D:6:      led_sif_book, lightli_temple_of_fire, amethyst_overflow_temple_binary,
          minmay_temple_entry_overgrown, serial_shops,
          nicolae_shop_window_shopping
D:7:      minmay_klotski, overflow_temple_1_default

Action                   |  1- 3 |  4- 6 || total
-------------------------+-------+-------++-------
Melee: Dagger            |     9 |     3 ||    12
 Cast: Magic Dart        |    83 |    69 ||   152
       Dazzling Spray    |       |     1 ||     1
       Fulminant Prism   |       |     3 ||     3
  Use: Scroll            |     7 |     4 ||    11
       Potion            |     1 |     3 ||     4
 Stab: Sleeping          |     1 |       ||     1
       Invisible         |     1 |       ||     1
  Eat: Chunk             |     4 |     4 ||     8
       Fruit             |       |     1 ||     1
       Pizza             |       |     1 ||     1
